 Dungeon Crawl Stone Soup version 0.16.2-3-ga078185 (webtiles) character file.

91982 dvd the Necromancer (level 15, -7/107 HPs)
             Began as a Demonspawn Necromancer on Sept 6, 2015.
             Was the Champion of Dithmenos.
             Mangled by Agnes
             ... wielding a +3 vampiric lajatang
              (15 damage)
             ... on level 4 of the Spider Nest on Sept 9, 2015.
             The game lasted 06:10:58 (34744 turns).

dvd the Necromancer (Demonspawn Necromancer)       Turns: 34744, Time: 06:10:58

Health: -7/107     AC: 20    Str: 14    XL:     15   Next: 56%
Magic:  2/36       EV: 17    Int: 17    God:    Dithmenos [******]
Gold:   1963       SH:  0    Dex: 18    Spells: 8 memorised, 13 levels left

rFire  + . .     SeeInvis +     a - +7 flail (protect)
rCold  + . .     Clarity  .     O - +3 leather armour {rF+}
rNeg   . . .     SustAb   .     (no shield)
rPois  +         Gourm    .     (helmet unavailable)
rElec  .         Spirit   .     j - +2 cloak
rCorr  .         Warding  .     D - +2 pair of gloves {archery}
rMut   .         Stasis   .     r - +2 pair of boots
MR     +....                    e - amulet of regeneration
Stlth  +++++++++.               o - ring of protection from cold
                                B - ring of poison resistance

@: death channel, wreathed by umbra, heavily drained, somewhat resistant to
hostile enchantments, incredibly stealthy
A: antennae 3, thin skeletal structure 2, foul stench 1, nightstalker 1, rot
immunity
a: Shadow Step, Shadow Form, Renounce Religion


You were on level 4 of the Spider Nest.
You worshipped Dithmenos.
Dithmenos was exalted by your worship.
You were very hungry.

You visited 4 branches of the dungeon, and saw 28 of its levels.
You also visited: Volcano.

You collected 2129 gold pieces.
You spent 166 gold pieces at shops.

Inventory:

Hand weapons
 a - a +7 flail of protection (weapon)
 h - a +1 war axe of chopping
Missiles
 n - 6 throwing nets
 y - 6 tomahawks (quivered)
Armour
 j - a +2 cloak (worn)
 r - a +2 pair of boots (worn)
 D - a +2 pair of gloves of archery (worn)
 N - a +3 leather armour of magic resistance
 O - a +3 leather armour of fire resistance (worn)
Magical staves
 w - an uncursed staff of cold
 W - an uncursed staff of summoning
Jewellery
 e - an amulet of regeneration (around neck)
 f - an uncursed ring of protection from magic
 l - an uncursed amulet of resist mutation
 o - a ring of protection from cold (right hand)
 p - an uncursed ring of stealth
 A - an uncursed ring of stealth
 B - a ring of poison resistance (left hand)
 C - an uncursed ring of wizardry
 H - an uncursed ring of flight
 V - an uncursed ring of ice
 Z - a +4 ring of strength
Magical devices
 d - a wand of frost (16)
 s - a wand of cold (7)
 z - a wand of paralysis (5)
 I - a wand of digging (9)
 L - a wand of confusion (34)
 Q - a wand of teleportation (7)
 R - a wand of enslavement (10)
 X - a wand of confusion (18)
Scrolls
 b - 2 scrolls of amnesia
 g - a scroll of silence
 k - a scroll of recharging
 m - 4 scrolls of blinking
 t - 10 scrolls of identify
 v - 4 scrolls of remove curse
 E - 5 scrolls of teleportation
 K - a scroll of fear
 S - 2 scrolls of magic mapping
Potions
 i - 2 potions of haste
 x - 3 potions of invisibility
 G - 2 potions of agility
 J - 5 potions of curing
 M - 2 potions of berserk rage
 T - 2 potions of flight
 U - a potion of restore abilities
Books
 F - a book of Unlife

   Spells                             Type                      Level
   a - Recall                         Summoning/Translocation      3
   b - Animate Dead                   Necromancy                   4
   c - Control Undead                 Necromancy                   4
   d - Cigotuvi's Embrace             Necromancy                   5
   e - Death Channel                  Necromancy                   6
   f - Simulacrum                     Ice/Necromancy               6
Miscellaneous
 P - an ornate deck of changes {drawn: 1}
Comestibles
 c - 11 bread rations
 q - 9 meat rations
 u - 7 slices of pizza
 Y - 15 fruits


   Skills:
 + Level 6.9(3.8) Fighting
 + Level 7.1(4.0) Maces & Flails
 + Level 4.7(1.9) Armour
 + Level 10.5(7.2) Dodging
 + Level 7.6(4.5) Stealth
 + Level 14.1(10.5) Spellcasting
 + Level 1.7(0.0) Charms
 + Level 3.0(0.2) Summonings
 + Level 16.1(12.3) Necromancy
 + Level 2.2(0.0) Translocations
 + Level 1.0(0.0) Evocations


You had 13 spell levels left.
You knew the following spells:

 Your Spells              Type           Power        Failure   Level  Hunger
a - Pain                  Necr           ####         1%          1    None
c - Vampiric Draining     Necr           ######....   1%          3    None
d - Animate Dead          Necr           N/A          1%          4    ###....
e - Regeneration          Chrm/Necr      ####......   2%          3    None
f - Control Undead        Necr           ######....   1%          4    ###....
g - Recall                Summ/Tloc      N/A          30%         3    None
h - Death Channel         Necr           ######....   12%         6    ######.
i - Cigotuvi's Embrace    Necr           ######....   1%          5    #####..


Dungeon Overview and Level Annotations

Branches:
Dungeon (15/15)            Temple (1/1) D:6            Lair (8/8) D:8
  Swamp (0/5) Lair:3       Spider (4/5) Lair:3        Slime (0/6) Lair:7
    Orc (0/4) D:11         Vaults (0/5) D:13
 Depths: D:15

Altars:
Ashenzari
Cheibriados
Dithmenos
Elyvilon
Fedhas
Gozag
Makhleb
Nemelex Xobeh
Okawaru
Qazlal
Ru
Sif Muna
Trog
Vehumet
Xom
Yredelemnul
Zin
The Shining One
Jiyva

Shops:
D:10 !   D:12 [

Annotations:
D:9 Psyche
Spider:4 Agnes, Rupert


Innate Abilities, Weirdness & Mutations

You have a pair of large antennae on your head (SInv).
You have a moderately thin skeletal structure (Dex +4, Stealth+).
You emit a foul stench.
You are slightly more attuned to the shadows.
You are immune to rotting.


Message History

The spider bites you but does no damage.
Agnes barely misses you. The spider barely misses you.
A scorpion comes into view.
You sock Rupert!
Rupert is almost dead.
Rupert closely misses you. The spider closely misses you.
Rupert completely misses you.
Agnes hits you with a vampiric lajatang.
The boulder beetle curls into a ball and starts rolling!
You hit Rupert but do no damage.
Rupert is almost dead.
The spider closely misses you.
Agnes hits you with a vampiric lajatang!!
* * * LOW HITPOINT WARNING * * *
Rupert misses you. The boulder beetle smashes into you!
* * * LOW HITPOINT WARNING * * *
The boulder beetle stops rolling.
The spider bites you but does no damage.
Agnes hits you with a vampiric lajatang!
You die...

#......###
###.....^^.##
#...........#.
###.............#
#......##......#
#.....##...#..##
#...#.#§§§§##..#
###.###§§§§.# ###
##@i[## #.@Bs§.#
....s§§.##
..........#
..../.####
....... ..... .<.


You could see Rupert (berserk), Agnes, a boulder beetle, a spider and a
scorpion.

Vanquished Creatures
  A dire elephant (Lair:4)
  A vault guard (D:13)
  A fire dragon (Lair:8)
  3 centaur warriors
  2 death yaks
  The ghost of DizzySkin the Destroyer, a powerful DECj of Sif Muna (D:10)
  Nergalle (Lair:5)
  Erolcha (D:13)
  5 lindwurms
  An orc knight (D:13)
  3 unseen horrors
  An orb spider (Spider:1)
  3 deep elf conjurers (D:15)
  A cyclops (D:15)
  An oklob plant (Lair:6)
  2 wolf spider zombies (D:15)
  5 wolf spiders
  8 hill giants
  2 griffons
  An ugly thing (D:10)
  A manticore (D:10)
  A toenail golem (Volcano)
  2 centaur zombies
  21 elephants
  A molten gargoyle (Volcano)
  A black mamba (Lair:5)
  Joseph (D:12)
  2 gargoyles (Volcano)
  5 spiny frogs
  3 komodo dragons
  A freezing wraith (D:13)
  3 jumping spiders
  8 trolls
  2 fire vortices (Volcano)
  6 blink frogs
  3 two-headed ogres
  3 ravens
  A slime creature (Lair:7)
  3 basilisks
  6 redbacks
  3 tarantellas
  A trapdoor spider (Spider:1)
  A wyvern (Lair:8)
  2 fire bats (Lair:7)
  4 fire elementals (Volcano)
  18 yaks
  A human (D:7)
  A deep elf mage (D:13)
  3 hippogriffs
  A hog (Spider:2)
  A steam dragon (D:8)
  2 mottled dragons
  Menkaure (D:5)
  A wolf (Lair:1)
  6 porcupines
  2 soldier ants (D:13)
  7 water moccasins
  6 spiders
  2 ice beasts
  5 ogres
  A black bear (D:13)
  An eye of draining (D:11)
  4 orc warriors
  A boring beetle (shapeshifter) (D:14)
  2 phantoms
  17 centaurs
  4 sky beasts
  9 crocodiles
  A gnoll sergeant (D:11)
  5 giant frogs
  A wyvern zombie (D:11)
  3 scorpions
  5 killer bees
  A wyvern skeleton (D:11)
  2 electric eels
  4 lava snakes (D:10)
  A goliath beetle (D:6)
  8 hounds
  4 orc priests
  2 jellies
  A wasp zombie (D:11)
  2 centaur skeletons
  A giant frog skeleton (D:6)
  A gnoll shaman (D:6)
  8 iguanas
  11 orc wizards
  11 worker ants
  6 sheep
  Jessica (D:2)
  A hound zombie (D:6)
  A hound skeleton (D:7)
  2 worker ant zombies (D:8)
  18 adders
  7 gnolls
  16 river rats
  3 shadow imps
  A giant mite (D:6)
  4 worms
  2 adder skeletons
  4 giant geckos
  35 orcs
  2 ball pythons
  20 bats
  A bat zombie (D:5)
  5 giant cockroaches
  8 goblins
  11 hobgoblins
  8 jackals
  18 kobolds
  11 quokkas
  A giant cockroach zombie (D:5)
  2 giant newts
  A quokka zombie (D:8)
  20 rats
  A butterfly (D:6)
  2 plants (Lair:8)
509 creatures vanquished.

Vanquished Creatures (collateral kills)
  An acid blob (Lair:7)
  Kirke (Spider:2)
  Fannar (Lair:5)
  8 hydras
  Harold (Lair:2)
  A tengu warrior (D:14)
  3 death yaks
  A skeletal warrior (D:14)
  5 hill giants
  A wizard (D:14)
  14 wolf spiders
  An oklob plant (Lair:7)
  6 orb spiders
  4 hornets
  A manticore (D:14)
  2 griffons (Lair:7)
  The ghost of gorblad the Ruffian, an experienced TrCK of Xom (D:6)
  29 elephants
  A guardian serpent (Lair:8)
  A naga mage (D:15)
  5 black mambas
  13 spiny frogs
  A torpor snail (Lair:3)
  7 demonic crawlers
  5 komodo dragons
  2 centaur skeletons (D:13)
  3 gargoyles
  2 fire drakes
  13 jumping spiders
  4 two-headed ogres
  2 polar bears (Lair:5)
  A raven (D:14)
  A hornet zombie (D:13)
  12 blink frogs
  A slime creature (Lair:7)
  7 trapdoor spiders
  13 tarantellas
  33 yaks
  15 redbacks
  A fire bat (Lair:7)
  5 basilisks
  Eustachio (D:9)
  2 hippogriffs (Lair:8)
  4 vampire mosquitoes (D:12)
  A steam dragon (Lair:8)
  A hog (Spider:2)
  4 mottled dragons
  3 wolves (Lair:1)
  A soldier ant (D:12)
  8 porcupines
  A sky beast (D:12)
  A swamp drake (Lair:8)
  4 wasps
  14 water moccasins
  A phantom (D:5)
  A black bear (Lair:5)
  3 ice beasts
  29 spiders
  2 ogres
  2 centaurs
  11 crocodiles
  14 giant frogs
  3 killer bees
  2 scorpions (Spider:1)
  2 giant frog zombies
  2 crimson imps
  6 hounds
  3 jellies
  18 iguanas
  5 orc wizards
  6 worker ants
  17 sheep
  2 killer bee zombies
  A gnoll (D:11)
  31 river rats
  20 adders
  2 shadow imps
  2 adder skeletons
  3 giant geckos
  2 oozes
  4 orcs
  2 bats
  A giant cockroach (D:8)
  2 goblins
  3 hobgoblins
  3 jackals
  4 quokkas (Lair:3)
  3 giant newts
  A kobold (D:1)
  3 rats
  A ballistomycete (D:11)
  2 bushes (Lair:8)
  A butterfly (D:6)
  53 fungi
  64 plants
611 creatures vanquished.

Vanquished Creatures (others)
  3 redback zombies
  2 fire vortices (Volcano)
  A hydra zombie (Lair:6)
  A fulminant prism (D:10)
  A griffon zombie (Lair:7)
  2 jumping spider zombies
  3 tarantella zombies
  A trapdoor spider zombie (Spider:3)
  2 black mamba zombies (Lair:8)
  A hill giant zombie (D:13)
  2 raven zombies (D:14)
  3 spiny frog zombies
  3 blink frog zombies
  An elf zombie (D:15)
  6 elephant zombies
  2 elephant skeletons (Lair:3)
  A blink frog skeleton (Lair:1)
  A cyclops zombie (D:15)
  5 spider zombies
  A wyvern zombie (Lair:8)
  9 water moccasin zombies
  A water moccasin skeleton (Lair:8)
  3 yak zombies
  2 hippogriff zombies
  A troll zombie (D:13)
  4 centaur zombies
  A wasp zombie (Lair:8)
  A centaur skeleton (D:6)
  3 giant frog zombies
  A porcupine zombie (Lair:2)
  A killer bee zombie (D:12)
  3 ogre zombies
  3 crocodile zombies (Lair:7)
  2 sky beast zombies (D:12)
  2 hound zombies
  9 worker ant zombies
  9 adder zombies
  15 orc zombies
  4 sheep zombies
  An adder skeleton (Lair:8)
  A sheep skeleton (Lair:4)
  4 bat skeletons
  2 bat zombies
  16 river rat zombies
  3 giant spores
  A goblin skeleton (D:1)
  2 hobgoblin zombies
  A jackal zombie (D:8)
  A kobold skeleton (D:3)
  2 kobold zombies
  3 orc skeletons
  2 quokka zombies (Lair:3)
  3 rat zombies
  A river rat skeleton (Lair:7)
  3 ballistomycetes (D:15)
  A bush (Lair:4)
  48 fungi
  26 plants
237 creatures vanquished.

Grand Total: 1357 creatures vanquished

Notes
Turn   | Place    | Note
--------------------------------------------------------------
     0 | D:1      | dvd, the Demonspawn Necromancer, began the quest for the Orb.
     0 | D:1      | Reached XP level 1. HP: 13/13 MP: 3/3
   320 | D:1      | Learned a level 1 spell: Animate Skeleton
   423 | D:1      | Gained mutation: You have a somewhat thin skeletal structure (Dex +2, Stealth). [demonic ancestry]
   423 | D:1      | Reached XP level 2. HP: 1/19 MP: 0/4
   747 | D:1      | Reached skill level 5 in Necromancy
   842 | D:1      | Gained mutation: You are immune to rotting. [demonic ancestry]
   842 | D:1      | Reached XP level 3. HP: 20/24 MP: 1/6
  1309 | D:2      | Found a sparkling altar of Nemelex Xobeh.
  1398 | D:2      | Learned a level 3 spell: Vampiric Draining
  1591 | D:2      | Gained mutation: You have a pair of small antennae on your head. [demonic ancestry]
  1591 | D:2      | Reached XP level 4. HP: 22/30 MP: 1/8
  1682 | D:2      | Noticed Jessica
  1689 | D:2      | Killed Jessica
  2421 | D:3      | Reached XP level 5. HP: 28/35 MP: 1/11
  3670 | D:4      | Reached skill level 1 in Armour
  3670 | D:4      | Gained mutation: You are slightly more attuned to the shadows. [demonic ancestry]
  3670 | D:4      | Reached XP level 6. HP: 37/42 MP: 7/13
  3779 | D:4      | Learned a level 4 spell: Animate Dead
  4305 | D:4      | Reached skill level 6 in Necromancy
  4593 | D:4      | Got an iridescent spear
  4949 | D:4      | Reached skill level 1 in Fighting
  5071 | D:5      | Entered Level 5 of the Dungeon
  5335 | D:5      | Reached skill level 1 in Maces & Flails
  5452 | D:5      | Gained mutation: You emit a foul stench. [demonic ancestry]
  5452 | D:5      | Reached XP level 7. HP: 32/48 MP: 4/17
  5632 | D:5      | Found an iron altar of Okawaru.
  6953 | D:6      | Noticed Menkaure
  6964 | D:5      | Killed Menkaure
  6964 | D:5      | Reached skill level 7 in Necromancy
  6989 | D:5      | Gained mutation: You have a pair of antennae on your head. [demonic ancestry]
  6989 | D:5      | Reached XP level 8. HP: 26/56 MP: 9/19
  7189 | D:6      | Found a radiant altar of Vehumet.
  7195 | D:6      | Noticed gorblad's ghost (experienced TrCK)
  7529 | D:6      | Reached skill level 5 in Spellcasting
  7674 | D:6      | Learned a level 1 spell: Animate Skeleton
  7937 | D:6      | Found a staircase to the Ecumenical Temple.
  8259 | D:6      | Reached skill level 8 in Necromancy
  8264 | D:6      | Learned a level 3 spell: Regeneration
  8269 | D:6      | Learned a level 4 spell: Control Undead
  8451 | D:6      | Killed gorblad's ghost
  8451 | D:6      | Reached XP level 9. HP: 39/62 MP: 22/22
  9557 | D:7      | Identified the cursed +1 spear of the Cup {pierce, Noisy rF++ Str+4} (You found it on level 4 of the Dungeon)
  9822 | Temple   | Entered the Ecumenical Temple
  9909 | Temple   | Became a worshipper of Dithmenos the Shadowed
 10803 | D:8      | Reached skill level 9 in Necromancy
 11440 | D:8      | Reached XP level 10. HP: 66/70 MP: 7/25
 11453 | D:8      | Reached skill level 5 in Dodging
 11624 | D:8      | Found a staircase to the Lair.
 11834 | D:9      | Found a white marble altar of Elyvilon.
 11853 | D:9      | Acquired Dithmenos' first power
 11859 | D:9      | Learned a level 3 spell: Recall
 12249 | D:9      | Reached skill level 10 in Necromancy
 12541 | D:9      | Noticed Eustachio
 12553 | D:9      | Killed Eustachio
 12833 | D:9      | Noticed Psyche
 12872 | D:9      | Found a deep blue altar of Sif Muna.
 12908 | D:9      | Found a bloodstained altar of Trog.
 12973 | D:10     | Entered Level 10 of the Dungeon
 13286 | D:10     | Noticed a hill giant
 13297 | D:10     | Killed a hill giant
 13362 | D:10     | Noticed a manticore
 13372 | D:10     | Killed a manticore
 13647 | D:10     | Noticed DizzySkin's ghost (powerful DECj)
 13664 | D:10     | Killed DizzySkin's ghost
 13664 | D:10     | Reached skill level 5 in Stealth
 13664 | D:10     | Reached skill level 1 in Summonings
 13664 | D:10     | Reached skill level 1 in Translocations
 13810 | D:10     | Noticed a green ugly thing
 13837 | D:10     | Killed a green ugly thing
 13837 | D:10     | Reached XP level 11. HP: 62/76 MP: 8/28
 13948 | D:10     | Found Iqovet's Distillery.
 13950 | D:10     | Noticed a hill giant
 13960 | D:10     | Killed a hill giant
 13960 | D:10     | Reached skill level 11 in Necromancy
 13980 | D:10     | Noticed a hill giant
 13991 | D:10     | Killed a hill giant
 14003 | D:10     | Noticed a hill giant
 14015 | D:10     | Killed a hill giant
 14285 | D:11     | Found a burning altar of Makhleb.
 14298 | D:11     | Acquired Dithmenos' second power
 15433 | D:11     | Found a staircase to the Orcish Mines.
 15656 | D:11     | HP: 1/77 [something (3)]
 15657 | D:11     | Killed an unseen horror
 16117 | D:11     | Noticed a hill giant
 16126 | D:11     | Killed a hill giant
 16406 | D:11     | Acquired Dithmenos' third power
 16519 | D:12     | Noticed a hill giant
 16529 | D:12     | Killed a hill giant
 16529 | D:12     | Reached skill level 1 in Charms
 16568 | D:12     | Noticed Joseph
 16579 | D:12     | Killed Joseph
 16675 | D:12     | Got a thick robe
 16696 | D:12     | Identified the cursed +0 robe of the Tuna {-Cast +Fly rC+ MR+ Dex-2} (You found it on level 12 of the Dungeon)
 16746 | D:12     | Found Hecuessu's Antique Armour Shop.
 16757 | D:12     | Bought a pair of glowing boots for 166 gold pieces
 16933 | D:12     | Killed an unseen horror
 16933 | D:12     | Reached skill level 10 in Spellcasting
 16933 | D:12     | Reached skill level 12 in Necromancy
 17133 | D:12     | Noticed a hill giant
 17140 | D:12     | Killed a hill giant
 17165 | D:12     | Noticed a hill giant
 17186 | D:12     | Killed a hill giant
 17384 | D:13     | Reached XP level 12. HP: 78/84 MP: 22/30
 17472 | D:13     | Noticed a hill giant
 17481 | D:13     | Killed a hill giant
 17926 | D:13     | Noticed Erolcha
 17941 | D:13     | Killed Erolcha
 18171 | D:13     | Noticed a vault guard
 18199 | D:13     | Your ally Erolcha died
 18213 | D:13     | Killed a vault guard
 18218 | D:13     | Reached skill level 5 in Maces & Flails
 18231 | D:13     | Found a gate to the Vaults.
 18568 | D:13     | Noticed a centaur warrior
 18579 | D:13     | Killed a centaur warrior
 18770 | D:13     | Learned a level 6 spell: Death Channel
 19193 | D:14     | Reached skill level 5 in Fighting
 19363 | D:14     | Found a shadowy altar of Dithmenos.
 19385 | D:14     | Found a glowing golden altar of the Shining One.
 19466 | D:14     | Reached skill level 13 in Necromancy
 19728 | D:14     | Noticed a centaur warrior
 19738 | D:14     | Killed a centaur warrior
 20119 | D:14     | Learned a level 5 spell: Cigotuvi's Embrace
 20479 | D:15     | Entered Level 15 of the Dungeon
 20479 | D:15     | Noticed a centaur warrior
 20490 | D:14     | Killed a centaur warrior
 20653 | D:15     | Noticed a ghoul
 20907 | D:15     | Gained mutation: You have a moderately thin skeletal structure (Dex +4, Stealth+). [demonic ancestry]
 20907 | D:15     | Reached XP level 13. HP: 57/91 MP: 12/32
 22226 | Lair:1   | Entered Level 1 of the Lair of Beasts
 23423 | Lair:2   | Acquired Dithmenos' fourth power
 23621 | Lair:2   | Noticed Harold
 23631 | Lair:2   | Killed Harold
 23645 | Lair:2   | Reached skill level 14 in Necromancy
 23651 | Lair:2   | Your ally Harold died
 24469 | Lair:3   | Found a staircase to the Swamp.
 24649 | Lair:3   | Found a hole to the Spider Nest.
 25592 | Lair:4   | Gained mutation: You have a pair of large antennae on your head (SInv). [demonic ancestry]
 25592 | Lair:4   | Reached XP level 14. HP: 92/99 MP: 16/34
 25643 | Lair:4   | Noticed a dire elephant
 25655 | Lair:4   | Killed a dire elephant
 26084 | Lair:5   | Noticed Nergalle
 26095 | Lair:5   | Killed Nergalle
 26551 | Lair:5   | Noticed Fannar
 26579 | Lair:5   | Killed Fannar
 26692 | Lair:5   | Your ally Fannar died
 27192 | Lair:6   | Found a staircase to the Shoals.
 28592 | Lair:7   | Found a dark tunnel.
 28609 | Volcano  | Entered a volcano
 28664 | Volcano  | Reached skill level 15 in Necromancy
 28937 | Volcano  | Reached skill level 1 in Evocations
 29896 | Lair:7   | Found a runed door.
 29897 | Lair:7   | Noticed an acid blob
 29907 | Lair:7   | Found a viscous altar of Jiyva.
 29907 | Lair:7   | Found a staircase to the Slime Pits.
 29926 | Lair:7   | Killed an acid blob
 30347 | Lair:8   | Entered Level 8 of the Lair of Beasts
 31316 | Lair:8   | Reached XP level 15. HP: 107/107 MP: 23/36
 32348 | Spider:1 | Entered Level 1 of the Spider Nest
 32588 | Spider:1 | Reached skill level 10 in Dodging
 33440 | Spider:2 | Noticed Kirke
 33454 | Spider:2 | Killed Kirke
 33454 | Spider:2 | Reached skill level 16 in Necromancy
 34724 | Spider:4 | Noticed Rupert
 34736 | Spider:4 | Noticed Agnes
 34744 | Spider:4 | Mangled by Agnes

Action                   |  1- 3 |  4- 6 |  7- 9 | 10-12 | 13-15 || total
-------------------------+-------+-------+-------+-------+-------++-------
Melee: Unarmed           |     1 |       |       |       |       ||     1
       Flail             |    35 |   105 |   344 |   543 |   985 ||  2012
Throw: Throwing net      |       |       |     2 |       |     2 ||     4
       Tomahawk          |       |       |       |     1 |     2 ||     3
 Cast: Pain              |    47 |    91 |    76 |    74 |    70 ||   358
       Animate Skeleton  |     9 |     7 |     4 |     1 |       ||    21
       Vampiric Draining |       |    14 |    60 |   170 |   230 ||   474
       Animate Dead      |       |     3 |    25 |    42 |   133 ||   203
       Regeneration      |       |       |     1 |    30 |    31 ||    62
       Control Undead    |       |       |     1 |     8 |     2 ||    11
       Recall            |       |       |       |    34 |    43 ||    77
       Death Channel     |       |       |       |     7 |    68 ||    75
       Cigotuvi's Embrac |       |       |       |       |     2 ||     2
Invok: Shadow Step       |       |       |       |       |     1 ||     1
 Abil: Evoke Flight      |       |       |       |       |     1 ||     1
Evoke: Wand              |       |       |       |     1 |    20 ||    21
       Deck              |       |       |       |       |     1 ||     1
  Use: Scroll            |       |    10 |     5 |    20 |    23 ||    58
       Potion            |       |     6 |    10 |     6 |    14 ||    36
 Stab: Sleeping          |     3 |     6 |    18 |    31 |    53 ||   111
       Distracted        |     1 |     1 |     1 |     6 |    22 ||    31
       Invisible         |       |       |       |     6 |       ||     6
  Eat: Chunk             |     3 |    14 |    20 |    18 |    47 ||   102
       Meat ration       |       |       |     1 |     2 |     2 ||     5
       Pizza             |       |       |     1 |     3 |     1 ||     5
       Beef jerky        |       |       |       |     2 |     2 ||     4
       Bread ration      |       |       |       |     1 |     4 ||     5
       Fruit             |       |       |       |       |     2 ||     2
